 Dungeon Crawl Stone Soup version 0.27-a0-1557-g57f10a385c (webtiles) character file.

Game seed: 8536670627145199906

74 undeadczar the Sneak (level 4, -3/23 HPs)
             Began as a Spriggan Brigand on July 15, 2021.
             Was an Initiate of Ashenzari.
             Killed from afar by a white imp (8 damage)
             ... with a puff of frost
             ... on level 3 of the Dungeon.
             The game lasted 00:29:20 (3187 turns).

undeadczar the Sneak (Spriggan Brigand)             Turns: 3187, Time: 00:29:21

Health: -3/23      AC:  3    Str:  7    XL:     4   Next: 9%
Magic:  5/5        EV: 17    Int: 12    God:    Ashenzari [......]
Gold:   86         SH:  0    Dex: 17    Spells: 3/3 levels left

rFire    + . .     SeeInvis +   a - +2 dagger
rCold    . . .     Faith    .   (shield restricted)
rNeg     . . .     Spirit   .   b - +0 robe
rPois    .         Reflect  .   (helmet restricted)
rElec    .         Harm     .   c - +0 cloak
rCorr    .         Rampage  .   (gloves unavailable)
Will     .....                  (boots unavailable)
Stlth    ++++......             (no amulet)
HPRegen  0.07/turn              l - ring of protection from fire
MPRegen  0.09/turn              (no ring)

@: very quick
A: very small, no large weapons, unfitting armour, see invisible, speed 3
a: Renounce Religion


You were on level 3 of the Dungeon.
You worshipped Ashenzari.
Ashenzari was noncommittal.
You visited 1 branch of the dungeon, and saw 3 of its levels.

You collected 86 gold pieces.

Inventory:

Hand Weapons
 a - a +2 dagger (weapon)
 d - a +0 dagger
 g - a +0 dagger
 k - a +0 dagger
 m - a +0 club
 n - a +0 dagger
 o - a +0 short sword
 p - a +0 club
 u - a +0 short sword
 y - a +0 falchion
 A - a +0 dagger
 C - a +0 flail
 D - a +0 hand axe
 H - a +0 whip
 I - a +0 hand axe
Missiles
 e - 2 curare-tipped darts
 f - 67 stones
 j - 48 arrows
 s - 19 poisoned darts (quivered)
 w - 38 bolts
Armour
 b - a +0 robe (worn)
 c - a +0 cloak (worn)
 r - a +0 ring mail
 v - a +1 pair of gloves
 z - a +0 ring mail
 E - a +0 ring mail
 G - a +0 ring mail
Jewellery
 l - a ring of protection from fire (left hand)
Scrolls
 h - a scroll of torment
 i - 2 scrolls of enchant weapon
 q - a scroll of silence
 t - 2 scrolls of teleportation
 x - a scroll of magic mapping
Potions
 B - 2 potions of lignification
 F - a potion of curing


   Skills:
 + Level 1.8 Fighting
 + Level 3.0 Short Blades
 + Level 2.8 Throwing
 + Level 2.3 Dodging
 + Level 6.6 Stealth


You had 3 spell levels left.
You didn't know any spells.
Your spell library was empty.

Dungeon Overview and Level Annotations

Branches:
Dungeon (3/15)

Altars:
Ashenzari
Hepliaklqana


Innate Abilities, Weirdness & Mutations

You are very small and have problems with some larger weapons.
You are too small for most types of armour.
You have supernaturally acute eyesight. (SInv)
You cover ground extremely quickly. (Speed+++)


Message History

The white imp is severely wounded.
The white imp hits you but does no damage.
You barely miss the white imp.
The white imp is severely wounded.
The white imp barely misses you.
You hit the white imp.
The white imp is severely wounded.
The white imp misses you.
You hit the white imp but do no damage.
The white imp is severely wounded.
You barely miss the white imp.
The white imp is severely wounded.
The white imp closely misses you.
You hit the white imp but do no damage.
The white imp is severely wounded.
The white imp gestures at you. The puff of frost misses you.
You closely miss the white imp.
The white imp is severely wounded.
The white imp barely misses you.
You closely miss the white imp.
The white imp is severely wounded.
The white imp gestures at you. The puff of frost hits you.
You closely miss the white imp.
The white imp is severely wounded.
The white imp gestures at you. The puff of frost hits you.
You hit the white imp.
The white imp is almost dead.
The white imp hits you. The white imp freezes you.
* * * LOW HITPOINT WARNING * * *
You hit the white imp but do no damage.
The white imp is almost dead.
You barely miss the white imp.
The white imp is almost dead.
The white imp shouts, "Bolt, thou churlish dismal-dreaming morsel!"
The white imp gestures at you. The puff of frost hits you!
You die...

..#..###....####...##
.....##...........#.#
..#..##...#.####.#.##
.##..##...#..###.#.#
.##...<............#
.........#########.#
#######..#.......#.#
#..#.......#.#
#..#......@#†#
#..^..._...5.#
#..#.......#.########
#..#.......#.........
#.......#..#######
####^####.##
.........# ##..###.##
##.. ..#


You could see a white imp.

Vanquished Creatures
  3 adders (D:2)
  2 orcs
  9 ball pythons
  3 endoplasms
  A giant cockroach (D:2)
  7 hobgoblins
  5 jackals
  2 bats (D:2)
  2 frilled lizards
  5 goblins
  3 kobolds
  A rat (D:3)
43 creatures vanquished.

Notes
Turn   | Place    | Note
-------+----------+-------------------------------------------
     0 | D:1      | undeadczar the Spriggan Brigand began the quest for the
                  | Orb.
     0 | D:1      | Reached XP level 1. HP: 10/10 MP: 2/2
    79 | D:1      | Reached skill level 6 in Stealth
   134 | D:1      | Reached XP level 2. HP: 6/15 MP: 3/3
  1174 | D:1      | You fall into a shaft and drop 1 floor!
  1433 | D:2      | Reached XP level 3. HP: 17/18 MP: 4/4
  2942 | D:3      | Found a hazy altar of Hepliaklqana.
  2963 | D:3      | Reached XP level 4. HP: 23/23 MP: 5/5
  3120 | D:3      | Found a broken altar of Ashenzari.
  3144 | D:3      | Became a worshipper of Ashenzari the Shackled
  3187 | D:3      | Killed from afar by a white imp

Illustrated notes

Levels and vault maps discovered:
D:1:      ncdulo_halloftheorcs, layout_basic, chequers_decorated_corner,
          minmay_tetromino_s4
D:2:      layout_basic, minmay_misc_feat_chi
D:3:      layout_loops_ring, overflow_temple_1_default, lemuel_tele_altar,
          shapermc_ecumenical_altar_venn, gammafunk_ghost_icy, hex_medium,
          minmay_pentangle

Skill      XL: |  1  2  3 |
---------------+----------+-----
Stealth        | 6 |  6.6
Dodging        | 2 |  2.3
Short Blades   | 3 |  3.0
Fighting       | |  1.8
Throwing       | |  2.8

Action                   |  1- 3 |  4- 6 || total
-------------------------+-------+-------++-------
Melee: Dagger            |   135 |    22 ||   157
Throw: Dart              |    44 |     6 ||    50
       Stone             |     1 |       ||     1
 Stab: Sleeping          |     3 |     1 ||     4
Armor: Robe              |    10 |     2 ||    12
Dodge: Dodged            |   104 |     9 ||   113

Table legend: (Time is in decaauts)
 A = Elapsed time spent in this place.
 B = Non-inter-level travel time spent in this place.
 C = Inter-level travel time spent in this place.
 D = Time resting spent in this place.
 E = Time spent auto-exploring this place.
 F = Levels seen in this place.
 G = Mean time per level.
                   A        B        C        D        E       F      G
               +--------+--------+--------+--------+--------+-----+--------+
         Total |   2443 |   2396 |     47 |   1039 |    539 |   3 |  814.3 |
       Dungeon |   2443 |   2396 |     47 |   1039 |    539 |   3 |  814.3 |
               +--------+--------+--------+--------+--------+-----+--------+

Top non-repeatable levels by time:
     D:2: 1247 daAuts
     D:1: 990 daAuts
     D:3: 205 daAuts
